 Dungeon Crawl Stone Soup version 0.28-a0-851-g8b9cc49659 (webtiles) character file.

Game seed: 14544400815420537924

95 sanka the Chopper (level 4, -1/37 HPs)
             Began as a Palentonga Abyssal Knight on Nov 14, 2021.
             Was a Believer of Lugonu.
             Slain by a gnoll (15 damage)
             ... on level 3 of the Dungeon.
             The game lasted 00:03:46 (2631 turns).

sanka the Chopper (Palentonga Abyssal Knight)       Turns: 2631, Time: 00:03:47

Health: -1/37      AC:  4    Str: 23    XL:     4   Next: 40%
Magic:  5/5        EV:  9    Int: 10    God:    Lugonu [**....]
Gold:   108        SH:  0    Dex: 11    Spells: 3/3 levels left

rFire   . . .      SeeInvis +   a - +1 hand axe
rCold   . . .      Faith    .   (no shield)
rNeg    . . .      Spirit   .   b - +0 leather armour
rPois   .          Reflect  .   (no helmet)
rElec   .          Harm     .   (no cloak)
rCorr   .          Rampage  .   (no gloves)
Will    +....                   (no barding)
Stlth   +.........              (no amulet)
HPRegen 0.12/turn               s - +6 ring of strength
MPRegen 0.09/turn               f - ring of willpower

@: no status effects
A: large, rugged brown scales 3, see invisible, deformed body, roll 1, armoured
tail
a: Rolling Charge, Renounce Religion, Depart the Abyss, Bend Space


You were on level 3 of the Dungeon.
You worshipped Lugonu.
Lugonu was pleased with you.
You visited 1 branch of the dungeon, and saw 3 of its levels.
You visited the Abyss 1 time.

You collected 108 gold pieces.


Innate Abilities, Weirdness & Mutations

You are completely covered in rugged brown scales. (AC +3, +7% HP)
You have supernaturally acute eyesight. (SInv)
Armour fits poorly on your strangely shaped body.
You can roll at nearby foes to attack.
You have a long armoured tail.


   Skills:
 - Level 3.0 Fighting
 + Level 4.7 Axes
 - Level 1.5 Armour
 - Level 0.7 Dodging
 - Level 2.0 Invocations


You had 3 spell levels left.
You didn't know any spells.
Your spell library was empty.

Inventory:

Hand Weapons
 a - a +1 hand axe (weapon)
Armour
 b - a +0 leather armour (worn)
Jewellery
 f - a ring of willpower (right hand)
 n - a ring of protection from fire
 s - a +6 ring of strength (left hand)
Scrolls
 d - a scroll of fear {unknown}
 g - 2 scrolls of amnesia {unknown}
 h - 2 scrolls of teleportation {unknown}
 j - a scroll of identify {unknown}
 l - 2 scrolls of magic mapping {unknown}
 m - a scroll of immolation {unknown}
 p - a scroll of enchant weapon {unknown}
Potions
 c - a potion of flight {unknown}
 e - 2 potions of heal wounds {unknown}
 i - a potion of mutation {unknown}
 k - a potion of brilliance {unknown}
 o - a potion of lignification {unknown}
 q - a potion of might {unknown}
 r - a potion of curing {unknown}

Dungeon Overview and Level Annotations

Branches:
Dungeon (3/15)

Altars:

Shops:
D:2

: .....▒▒▒.▒.▒▒▒ ▒▒
▒▒...▒ ▒.▒.▒ .. ...
▒.▒.▒
▒▒g▒▒▒.▒▒▒▒▒▒▒▒.▒.▒
▒▒...............▒.▒
..gg........[.. ..▒
▒.▒ ▒▒ ▒ ▒g▒ ▒ ▒H▒ ▒
▒.▒ ▒ ▒.▒ ▒ ▒)▒ ▒
▒.▒ ▒ ▒.▒ ▒ ▒.▒
▒▒▒▒▒▒▒▒▒▒▒ ▒<▒
▒..........
▒.▒▒▒▒▒▒.▒▒▒▒▒▒▒▒▒


You could see a gnoll.


Message History

You climb downwards.
There is a stone staircase leading up, spattered with blood here.
Unknown command.
There's nothing you can charge at!
Items here: ))) ÷÷.
You roll forward with a clatter of scales!
You slash the gnoll!
The gnoll is heavily wounded.
The gnoll closely misses you.
You closely miss the gnoll.
Your tail-slap misses the gnoll.
The gnoll is heavily wounded.
The gnoll hits you with a +0 halberd!
You closely miss the gnoll.
The gnoll is heavily wounded.
The gnoll completely misses you.
You barely miss the gnoll.
The gnoll is heavily wounded.
The gnoll barely misses you. The gnoll hits you with a +0 halberd!
* * * LOW HITPOINT WARNING * * *
You barely miss the gnoll.
You tail-slap the gnoll, but do no damage.
The gnoll is heavily wounded.
The gnoll hits you with a +0 halberd.
* * * LOW HITPOINT WARNING * * *
You hit the gnoll.
The gnoll is severely wounded.
The gnoll hits you with a +0 halberd!
You die...

Action                   |  1- 3 |  4- 6 || total
-------------------------+-------+-------++-------
Melee: Hand axe          |   102 |    27 ||   129
       Tailslap          |     8 |     3 ||    11
 Abil: Rolling Charge    |    11 |     2 ||    13
Armor: Leather armour    |    33 |     7 ||    40
Dodge: Dodged            |    53 |    17 ||    70

Levels and vault maps discovered:
D:1:      tarquinn_simple_flora_water_e, layout_basic,
          kennysheep_decorative_pillar
D:2:      layout_rooms, serial_shops, shop_statue
D:3:      layout_loops_ring, hellmonk_ecumenical_altar_heavens_door

Notes
Turn   | Place    | Note
-------+----------+-------------------------------------------
     0 | Abyss:1  | sanka the Palentonga Abyssal Knight began the quest for the
                  | Orb.
     0 | Abyss:1  | Reached XP level 1. HP: 19/19 MP: 2/2
    64 | Abyss:1  | Noticed a small abomination
    70 | D:1      | Escaped the Abyss
   290 | D:1      | Reached skill level 3 in Axes
   290 | D:1      | Reached XP level 2. HP: 25/25 MP: 3/3
   686 | D:1      | Reached XP level 3. HP: 26/31 MP: 4/4
  1096 | D:2      | Reached ** piety under Lugonu
  1107 | D:2      | Found Qysmuqu's Book Shoppe.
  1128 | D:2      | Reached skill level 4 in Axes
  1972 | D:3      | Reached XP level 4. HP: 37/37 MP: 5/5
  2631 | D:3      | Slain by a gnoll

Vanquished Creatures
  An adder (D:2)
  3 gnolls
  2 worms (D:2)
  2 dart slugs
  5 bats
  3 endoplasms (D:1)
  3 giant cockroaches (D:1)
  4 hobgoblins
  3 jackals (D:2)
  2 kobolds
  3 quokkas
  5 ball pythons
  2 frilled lizards
  4 goblins
  5 rats
47 creatures vanquished.
